 Dungeon Sprint DCSS version 0.17-a0-1248-g117de50 (webtiles) character file.

235 Kidiri the Sneak (level 6, -6/32 HPs)
             Began as a Gargoyle Ice Elementalist on June 5, 2015.
             Was a Believer of Vehumet.
             Mangled by a draconian
             ... wielding a +0 mace
              (9 damage)
             ... in the Dungeon (Sprint V: "Ziggurat Sprint").
             The game lasted 00:07:18 (477 turns).

Kidiri the Sneak (Gargoyle Ice Elementalist)         Turns: 477, Time: 00:07:19

Health: -6/32      AC: 15    Str: 12      XL:     6   Next: 6%
Magic:  2/14       EV: 13    Int: 25 (29) God:    Vehumet [**....]
Gold:   0          SH:  8    Dex: 10      Spells: 6 memorised, 0 levels left

rFire  . . .     SeeInvis .     (no weapon)
rCold  . . .     Clarity  .     a - +0 robe
rNeg   + . .     SustAt   .     (no shield)
rPois  ∞         Gourm    .     (no helmet)
rElec  +         Spirit   .     (no cloak)
rCorr  .         Warding  .     (no gloves)
rMut   .         NoTele   +     (no boots)
MR     .....                    (no amulet)
Stlth  +++.......               F - +6 ring of intelligence
                                E - +6 ring of intelligence

@: confusing touch (expiring), icy armour, icy shield, not resistant to hostile
enchantments, fairly stealthy
A: negative energy resistance 1, electricity resistance, unbreathing,
petrification resistance, rot immunity, AC +4
a: Renounce Religion


You were in the Dungeon.
You worshipped Vehumet.
Vehumet was pleased with you.
You were not hungry.

You visited 1 branch

Inventory:

Hand weapons
 J - a +5 quick blade
Armour
 a - a +0 robe (worn)
Magical staves
 m - an uncursed staff of wizardry
 L - an uncursed staff of cold
Jewellery
 C - a +6 ring of dexterity
 D - a +6 ring of dexterity
 E - a +6 ring of intelligence (left hand)
 F - a +6 ring of intelligence (right hand)
 G - a +6 ring of strength
 H - a +6 ring of strength
Magical devices
 y - a wand of disintegration (7)
 z - a wand of fire (4)
 A - a wand of cold (4)
 B - a wand of draining (5)
Scrolls
 i - 4 scrolls of blinking
 p - 4 scrolls of amnesia
 q - 3 scrolls of recharging
 r - 7 scrolls of fog
 s - a scroll of holy word
 t - 5 scrolls of identify
 u - 5 scrolls of remove curse
 v - 2 scrolls of fear
Potions
 d - 9 potions of curing
 e - 9 potions of heal wounds
 f - 6 potions of haste
 g - 7 potions of magic
 h - 3 potions of berserk rage
 j - 2 potions of brilliance
 k - 2 potions of invisibility
 l - 4 potions of resistance
 n - 5 potions of agility
 o - 5 potions of might
Books
 b - a book of Frost

   Spells                             Type                      Level
   a - Freeze                         Ice                          1
   b - Throw Frost                    Conjuration/Ice              2
   c - Ozocubu's Armour               Charms/Ice                   3
   d - Throw Icicle                   Conjuration/Ice              4
   e - Summon Ice Beast               Ice/Summoning                4
   f - Condensation Shield            Ice                          4
 K - a book of Hinderance

   Spells                             Type                      Level
   a - Confusing Touch                Hexes                        2
   b - Confuse                        Hexes                        3
   c - Gell's Gravitas                Hexes/Translocation          3
   d - Petrify                        Transmutation/Earth          4
   e - Metabolic Englaciation         Hexes/Ice                    5
Miscellaneous
 I - a crystal ball of energy
Comestibles
 c - 5 bread rations
 w - 42 fruits
 x - 4 meat rations


   Skills:
 + Level 3.5 Dodging
 * Level 6.9 Stealth
 * Level 5.5 Spellcasting
 * Level 4.8 Conjurations
 * Level 0.0 Hexes
 * Level 3.2 Charms
 * Level 6.5 Ice Magic
 + Level 3.2 Evocations


You couldn't memorise any spells.
You knew the following spells:

 Your Spells              Type           Power        Failure   Level  Hunger
a - Freeze                Ice            ####         1%          1    None
b - Throw Frost           Conj/Ice       #####.       1%          2    None
c - Ozocubu's Armour      Chrm/Ice       ####....     3%          3    #......
d - Condensation Shield   Ice            #####.....   8%          4    ###....
e - Throw Icicle          Conj/Ice       #####...     10%         4    ###....
f - Confusing Touch       Hex            #.....       14%         2    None


Dungeon Overview and Level Annotations

Branches:
Dungeon (1/1)

Altars:
Ashenzari
Cheibriados
Dithmenos
Elyvilon
Fedhas
Gozag
Kikubaaqudgha
Makhleb
Nemelex Xobeh
Okawaru
Qazlal
Ru
Sif Muna
Trog
Vehumet
Xom
Yredelemnul
Zin
The Shining One
Beogh
Jiyva
Lugonu


Innate Abilities, Weirdness & Mutations

You are resistant to torment.
Your stone body is resilient (AC +4).
You are immune to poison.
You resist negative energy.
You are resistant to electric shocks.
You can survive without breathing.
You are immune to petrification.
You are immune to rotting.


Message History

You block the draconian's attack. The draconian hits you with a whip!
* * * LOW HITPOINT WARNING * * *
The draconian hits you with a mace.
* * * LOW HITPOINT WARNING * * *
The draconian hits you but does no damage.
Drink which item? (? for menu, Esc to quit)
You feel much better. The draconian hits you with a dagger.
The draconian hits you with a whip! The draconian closely misses you.
You barely miss the draconian.
The draconian is heavily wounded.
The draconian hits you but does no damage.
The draconian misses you. You block the draconian's attack.
The draconian hits you with a mace.
You hit the draconian but do no damage.
The draconian is heavily wounded.
The draconian hits you but does no damage.
The draconian hits you from afar with a trident!
* * * LOW HITPOINT WARNING * * *
The draconian barely misses you. The draconian hits you with a mace!
You die...

▓.....▓.....▓▓▓▓▓▓▓
▓▓▓▓▓▓▓▓▓▓▓▓▓▓
▓..8©8...▓
▓..|:|...▓
▓...)....▓
▓........▓
▓.d......▓
▓...dd...▓
▓..d@....▓
▓▓▓▓▓▓▓▓▓▓


You could see 4 draconians.

Vanquished Creatures
  A phantom (D)
  A necrophage (D)
  5 adders (D)
  An adder skeleton (D)
  A ball python (D)
9 creatures vanquished.

Notes
Turn   | Place    | Note
--------------------------------------------------------------
     0 | D        | Kidiri the Gargoyle Ice Elementalist began the quest for the Orb.
     0 | D        | Reached XP level 1. HP: 10/10 MP: 3/3
     0 | D        | Found a roughly hewn altar of Beogh.
     0 | D        | Found a viscous altar of Jiyva.
     0 | D        | Found a corrupted altar of Lugonu.
     0 | D        | Found a white marble altar of Elyvilon.
     0 | D        | Found a sparkling altar of Nemelex Xobeh.
     1 | D        | Found a burning altar of Makhleb.
     1 | D        | Found an iron altar of Okawaru.
     1 | D        | Found a deep blue altar of Sif Muna.
     1 | D        | Found a radiant altar of Vehumet.
     1 | D        | Found a bloodstained altar of Trog.
     1 | D        | Found a shimmering altar of Xom.
    29 | D        | Became a worshipper of Vehumet
    97 | D        | Reached skill level 4 in Stealth
    97 | D        | Reached XP level 2. HP: 15/15 MP: 3/6
   101 | D        | Learned a level 2 spell: Throw Frost
   127 | D        | Entered arena 1.
   130 | D        | Reached skill level 5 in Stealth
   130 | D        | Reached skill level 5 in Ice Magic
   139 | D        | Reached XP level 3. HP: 16/19 MP: 1/8
   202 | D        | Learned a level 3 spell: Ozocubu's Armour
   203 | D        | Entered arena 2.
   203 | D        | Noticed a phantom
   203 | D        | Noticed a necrophage
   212 | D        | Acquired Vehumet's first power
   212 | D        | Offered knowledge of Flame Tongue by Vehumet.
   216 | D        | Killed a necrophage
   216 | D        | Reached skill level 6 in Stealth
   216 | D        | Reached XP level 4. HP: 12/24 MP: 6/10
   216 | D        | Reached XP level 5. HP: 14/28 MP: 7/12
   239 | D        | Killed a phantom
   239 | D        | Reached skill level 5 in Spellcasting
   245 | D        | Learned a level 4 spell: Condensation Shield
   250 | D        | Learned a level 4 spell: Throw Icicle
   378 | D        | Entered arena 3.
   383 | D        | Offered knowledge of Sandblast by Vehumet.
   383 | D        | Reached XP level 6. HP: 32/32 MP: 4/14
   465 | D        | Learned a level 2 spell: Confusing Touch
   466 | D        | Entered arena 4.
   466 | D        | Noticed a draconian
   466 | D        | Noticed a draconian
   466 | D        | Noticed a draconian
   466 | D        | Noticed a draconian
   477 | D        | Mangled by a draconian

Vault maps used:
D:        sprint_v

Action                   |  1- 3 |  4- 6 || total
-------------------------+-------+-------++-------
Melee: Quick blade       |    13 |    18 ||    31
       Unarmed           |       |     3 ||     3
       Staff             |       |     1 ||     1
 Cast: Freeze            |     5 |     9 ||    14
       Throw Frost       |     1 |     3 ||     4
       Ozocubu's Armour  |     1 |     2 ||     3
       Condensation Shie |       |     2 ||     2
       Throw Icicle      |       |     1 ||     1
       Confusing Touch   |       |     1 ||     1
Evoke: Wand              |     1 |     1 ||     2
       Crystal ball of e |       |     3 ||     3
  Use: Potion            |     1 |     2 ||     3
